AoeStats
← NoDdy

Arabian Desert

509944606Analyzed
1v1 RM · 3d ago on Sep 28, 2026· 67m 26s· 2 players
Game mode
Random Map
Map size
Tiny (2 player)
Population
200
Speed
Normal
Resources
Standard
Victory
Conquest
Starting age
Dark Age
Ending age
Imperial Age
RankedLock teamsTeams togetherTeam positionsShared explorationLock speedFull tech treeHidden civsTurbo modeCheats
Victory
Defeat
🇨🇿 Byzantines · Czechia
701
+15
🇬🇧 Khmer · United Kingdom
675
-15
NoDdy
11:51 Feudal Age
12:50 Double-Bit Axe
15:42 Castle Age
14:26 Double-Bit Axe
19:32 Gold Mining
20:34 Scale Barding Armor
23:45 Stone Mining
24:19 Bow Saw
23:53 Horse Collar
25:34 Chain Barding Armor
33:36 Heavy Plow
37:32 Imperial Age
36:53 Gold Shaft Mining
36:53 Stone Shaft Mining
38:40 Ballistics
39:47 Chemistry
39:48 Heavy Scorpion
39:57 Heavy Scorpion
42:13 Double Crossbow
42:45 Siege Engineers
43:34 Bloodlines
42:44 Light Cavalry
44:24 Cavalier
45:05 Husbandry
51:17 Elite Battle Elephant
65:08 Murder Holes
65:51 Plate Barding Armor
Zelenius
9:40 Loom
11:41 Feudal Age
12:38 Horse Collar
19:02 Castle Age
18:21 Double-Bit Axe
21:00 Pikeman
23:19 Heavy Plow
25:55 Fervor
26:16 Bow Saw
34:39 Imperial Age
32:23 Fortified Wall
33:12 Crossbowman
34:55 Thumb Ring
35:00 Murder Holes
34:59 Fletching
35:10 Padded Archer Armor
35:11 Scale Mail Armor
35:21 Forging
35:17 Scale Barding Armor
37:00 Chemistry
36:21 Light Cavalry
38:07 Gold Mining
38:08 Stone Mining
37:53 Hussar
39:31 Gold Shaft Mining
38:33 Arbalester
39:59 Squires
41:18 Stone Shaft Mining
41:24 Coinage
41:54 Wheelbarrow
43:24 Two-Man Saw
42:52 Ballistics
42:55 Sanctity
43:36 Hand Cart
43:44 Leather Archer Armor
43:25 Bodkin Arrow
44:07 Elite Skirmisher
45:25 Ring Archer Armor
45:31 Iron Casting
46:07 Hoardings
45:53 Conscription
45:34 Greek Fire
48:58 Banking
48:39 Guilds
48:33 Bracer
48:49 Chain Mail Armor
51:26 Crop Rotation
50:46 Arrowslits
51:50 Halberdier
53:23 Plate Mail Armor
53:14 Chain Barding Armor
55:30 Arson
56:51 Plate Barding Armor
59:32 Logistica
58:42 Elite Cataphract
Connection lost

Rejoining the realm…

Still unreachable

The connection could not be restored.

Session expired

The server has moved on; the page needs a fresh start.